 Dungeon Crawl Stone Soup version 0.28.0-1-gb440e238dd (webtiles) character file.

Game seed: 984870735306317192

32 pkoi the Insei (level 3, -2/31 HPs)
             Began as a Draconian Monk on Feb 22, 2022.
             Slain by a goblin (6 damage)
             ... led by Robin
             ... on level 2 of the Dungeon.
             The game lasted 00:00:51 (1269 turns).

pkoi the Insei (Draconian Monk)                     Turns: 1269, Time: 00:00:52

Health: -2/31      AC:  5    Str: 13    XL:     3   Next: 8%
Magic:  3/3        EV: 12    Int: 12    God:
Gold:   51         SH:  0    Dex: 13    Spells: 2/2 levels left

rFire   . . .      SeeInvis .     - Unarmed
rCold   . . .      Faith    .   (no shield)
rNeg    . . .      Spirit   .   (armour unavailable)
rPois   .          Reflect  .   (helmet restricted)
rElec   .          Harm     .   (no cloak)
rCorr   .          Rampage  .   (no gloves)
Will    .....                   (no boots)
Stlth   ++........              (no amulet)
HPRegen 0.10/turn               (no ring)
MPRegen 0.08/turn               (no ring)

@: no status effects
A: AC +5, unfitting armour, cold-blooded
a: no special abilities


You were on level 2 of the Dungeon.
You visited 1 branch of the dungeon, and saw 2 of its levels.

You collected 51 gold pieces.

Inventory:

Jewellery
 d - a ring of see invisible
Potions
 a - a potion of degeneration {unknown}
 b - 2 potions of heal wounds
 c - a potion of curing {unknown}


   Skills:
 - Level 3.2 Fighting
 - Level 2.6 Dodging
 - Level 1.7 Stealth
 + Level 4.3 Unarmed Combat


You had 2 spell levels left.
You didn't know any spells.
Your spell library contained the following spells:

 Spells                   Type           Power      Damage    Failure   Level
 Pain                     Necr           0%         1d4       32%         1
 Agony                    Necr           0%         N/A       100%        5
 Excruciating Wounds      Necr           0%         N/A       100%        5


Dungeon Overview and Level Annotations

Branches:
Dungeon (2/15)

Altars:

Annotations:
D:2 Robin


Innate Abilities, Weirdness & Mutations

Your plain brown scales are hard. (AC +5)
You cannot fit into any form of body armour.
You are cold-blooded and may be slowed by cold attacks.


Message History

The goblin hits you with a +0 club.
* * * LOW HITPOINT WARNING * * *
A goblin comes into view. It is wielding a +0 club.
Things that are here:
a +0 dagger; a +0 club; a rat corpse You closely miss the goblin.
The goblin hits you with a +0 club.
* * * LOW HITPOINT WARNING * * *
You hit the goblin.
You kill the goblin!
A hobgoblin comes into view.
You closely miss the hobgoblin. You punch the hobgoblin.
The hobgoblin is almost dead.
The hobgoblin hits you but does no damage.
A goblin comes into view. It is wielding a +0 dagger.
You barely miss the hobgoblin.
The hobgoblin is almost dead.
The hobgoblin closely misses you.
You closely miss the hobgoblin.
The hobgoblin is almost dead.
The hobgoblin hits you.
* * * LOW HITPOINT WARNING * * *
Robin throws the goblin at you!
You closely miss the hobgoblin.
The hobgoblin is almost dead.
The goblin hits you with a +0 club.
* * * LOW HITPOINT WARNING * * *
The hobgoblin closely misses you.
You punch the hobgoblin!
You kill the hobgoblin!
The goblin hits you but does no damage.
You hit Robin.
Robin is lightly wounded.
The goblin hits you with a +0 club.
* * * LOW HITPOINT WARNING * * *
You hit Robin but do no damage.
Robin is lightly wounded.
Robin hits you with a +0 whip.
* * * LOW HITPOINT WARNING * * *
The goblin hits you with a +0 club.
You die...

......... ........
....... #.#... # #.#..
... #.#.#
.....##.#.############
.............g@ggg....
##.#.##.#.†######.####
#.#.##.##.##
#.#.##.##..# .
#.#.##.###.##
.###.#.##.###..##
.....#.##.......#
........(.......#
.....#.##.(.....#


You could see Robin, a hobgoblin (strong) and 2 goblins.

Vanquished Creatures
  3 endoplasms (D:1)
  A giant cockroach (D:1)
  6 goblins
  A hobgoblin (D:2)
  3 jackals (D:1)
  3 quokkas (D:2)
  5 ball pythons
  A frilled lizard (D:1)
  4 rats
27 creatures vanquished.

Notes
Turn   | Place    | Note
-------+----------+-------------------------------------------
     0 | D:1      | pkoi the Draconian Monk began the quest for the Orb.
     0 | D:1      | Reached XP level 1. HP: 19/19 MP: 1/1
   404 | D:1      | Reached XP level 2. HP: 20/26 MP: 2/2
   624 | D:1      | Found a faded altar of an unknown god.
   961 | D:1      | Reached skill level 4 in Unarmed Combat
  1256 | D:2      | Noticed Robin
  1259 | D:2      | Reached XP level 3. HP: 24/31 MP: 3/3
  1269 | D:2      | Slain by a goblin

Illustrated notes

Levels and vault maps discovered:
D:1:      minmay_arrival_diagonal_passages, layout_loops_cross,
          hellmonk_ecumenical_altar_slurped_away
D:2:      layout_basic, minmay_pentomino_u4, uniq_robin, uniq_terence

Skill      XL: |  1  2 |
---------------+-------+-----
Unarmed Combat | 4 |  4.3
Fighting       | |  3.2
Dodging        | |  2.6
Stealth        | |  1.7

Action                   || total
-------------------------++-------
Melee: Unarmed           ||    81
       Tailslap          ||     8
       Punch             ||     1
  Use: Potion            ||     2
 Stab: Sleeping          ||     6
Armor: Skin              ||    16
Dodge: Dodged            ||    34
